AoeStats
← 17_Neo_

Arabia

510509356Analyzed
1v1 RM · 16h ago on Oct 1, 2026· 53m 28s· 2 players
Game mode
Random Map
Map size
Tiny (2 player)
Population
200
Speed
Normal
Resources
Standard
Victory
Conquest
Starting age
Dark Age
Ending age
Imperial Age
RankedLock teamsTeams togetherTeam positionsShared explorationLock speedFull tech treeHidden civsTurbo modeCheats
Victory
Defeat
🇩🇪 Malians · Germany
1781
+16
🇨🇴 Maya · Colombia
1783
-16
manteldon
6:10 Loom
8:46 Feudal Age
8:54 Man-at-Arms
13:32 Double-Bit Axe
14:52 Fletching
16:06 Padded Archer Armor
20:58 Castle Age
20:17 Horse Collar
21:35 Bodkin Arrow
21:09 Elite Skirmisher
21:11 Crossbowman
22:35 Long Swordsman
24:07 Leather Archer Armor
27:06 Ballistics
27:44 Town Watch
33:28 Stone Mining
33:28 Gold Mining
39:50 Imperial Age
42:43 Scale Barding Armor
45:24 Bloodlines
46:24 Chain Barding Armor
46:51 Cavalier
48:52 Plate Barding Armor
49:18 Husbandry
50:18 Onager
53:19 Ring Archer Armor
54:04 Chemistry
54:04 Conscription
17_Neo_
0:27 Loom
9:14 Feudal Age
11:23 Fletching
15:57 Double-Bit Axe
21:21 Castle Age
20:33 Gold Mining
22:15 Bodkin Arrow
23:38 Ballistics
25:09 Town Watch
26:46 Padded Archer Armor
28:24 Leather Archer Armor
40:32 Wheelbarrow
43:32 Imperial Age
41:46 Hul'che Javelineers
41:28 Horse Collar
42:39 Bow Saw
42:21 Elite Skirmisher
43:41 Thumb Ring
44:13 Bracer
45:23 Chemistry
46:05 Ring Archer Armor
45:38 Heavy Scorpion
45:59 Capped Ram
47:50 Heavy Plow
48:18 Town Patrol
48:41 Crossbowman
49:37 Pikeman
50:17 Squires
50:20 Arbalester
51:21 Forging
51:11 Scale Mail Armor
50:43 Halberdier
53:23 Iron Casting
Connection lost

Rejoining the realm…

Still unreachable

The connection could not be restored.

Session expired

The server has moved on; the page needs a fresh start.